 Dungeon Crawl Stone Soup version 0.17-a0-802-g1f09329 (console) character file.

1255 dunyain the Cleaver (level 8, -2/56 HPs)
             Began as a Demonspawn Gladiator on Apr 26, 2015.
             Slain by an ice beast (7 damage)
             ... on level 5 of the Dungeon.
             The game lasted 00:09:07 (5494 turns).

dunyain the Cleaver (Demonspawn Gladiator)          Turns: 5494, Time: 00:09:07

Health: -2/56      AC: 20    Str: 16    XL:     8   Next: 26%
Magic:  8/8        EV:  7    Int: 14    God:
Gold:   243        SH:  0    Dex: 13    Spells: 0 memorised, 7 levels left

rFire  x . .     SeeInvis .     a - +1 war axe
rCold  + . .     Clarity  .     M - +0 storm dragon armour
rNeg   . . .     SustAb   .     (no shield)
rPois  .         Gourm    .     c - +0 helmet
rElec  +         Spirit   .     z - +0 cloak
rCorr  .         Warding  .     (no gloves)
rMut   +         Stasis   .     F - +0 pair of boots
MR     +....                    l - amulet of resist mutation
Stlth  ..........               I - ring "Bisadd" {Ice Int+4}
                                J - ring of protection from magic

@: lethally poisoned (-2 -> -2), somewhat resistant to hostile enchantments,
extremely unstealthy
A: hooves 2, rough black scales 2, rot immunity
a: no special abilities


You were on level 5 of the Dungeon.
You were not hungry.

You visited 2 branches of the dungeon, and saw 8 of its levels.

You collected 243 gold pieces.

Inventory:

Hand weapons
 a - a +1 war axe (weapon)
Missiles
 d - 3 throwing nets (quivered)
Armour
 b - a +0 leather armour
 c - a +0 helmet (worn)
 z - a +0 cloak (worn)
 F - a +0 pair of boots (worn)
 M - a +0 storm dragon armour (worn)
Jewellery
 g - an uncursed ring of sustain abilities
 l - an amulet of resist mutation (around neck)
 I - the ring "Bisadd" (right hand) {Ice Int+4}
   (You found it on level 7 of the Dungeon)

   [ring of ice]

   It enhances your ice magic, and weakens your fire magic.
   It affects your intelligence (+4).
   It makes you vulnerable to fire.
   It protects you from cold.
 J - a ring of protection from magic (left hand)
 W - an uncursed ring of see invisible
Magical devices
 P - a wand of teleportation (4)
 R - a wand of cold (9)
 Y - a wand of draining (8)
Scrolls
 k - a scroll of fog
 n - 4 scrolls of teleportation
 o - 2 scrolls of remove curse
 q - 2 scrolls of identify
 s - 2 scrolls of enchant armour
 O - a scroll of noise {unknown}
 Q - 2 scrolls of enchant weapon
 S - a scroll of recharging {unknown}
 V - a scroll of fear
Potions
 j - 4 potions of curing
 r - 2 potions of resistance {unknown}
 u - 4 potions of agility
 v - 3 potions of flight {unknown}
 B - a potion of mutation {unknown}
 D - 3 potions of heal wounds
 H - a potion of lignification {unknown}
 K - a potion of poison {unknown}
Comestibles
 e - 4 bread rations
 f - 4 meat rations
 h - a beef jerky
 A - a royal jelly
 U - a slice of pizza
 X - 3 chunks of flesh


   Skills:
 - Level 2.0 Fighting
 + Level 9.6 Axes
 - Level 1.7 Throwing
 - Level 2.6 Dodging


You had 7 spell levels left.
You didn't know any spells.

Dungeon Overview and Level Annotations

Branches:
Dungeon (7/15)             Temple (1/1) D:4

Altars:
Ashenzari
Cheibriados
Elyvilon
Gozag
Kikubaaqudgha
Makhleb
Qazlal
Ru
Trog
Yredelemnul
Zin
The Shining One


Innate Abilities, Weirdness & Mutations

You have hoof-like feet.
You are mostly covered in rough black scales (AC +7, Dex -2).
You are immune to rotting.


Message History

You completely miss the ice beast.
The ice beast is severely wounded.
The ice beast closely misses you.
You closely miss the ice beast.
The ice beast is severely wounded.
The ice beast hits you.
* * * LOW HITPOINT WARNING * * *
The ice beast freezes you. You resist.
* * * LOW HITPOINT WARNING * * *
You are too injured to fight recklessly!
You are too injured to fight recklessly!
You hit the ice beast.
The ice beast is almost dead.
The ice beast completely misses you.
Your storm dragon armour prevents you from hitting the ice beast.
The ice beast is almost dead.
You feel sick. The ice beast hits you.
* * * LOW HITPOINT WARNING * * *
The ice beast freezes you! You resist.
You die...

#### ...# ##.#
######################### #.#
#.........##............#### #.#
#.#######.##.#####.........# #.#
#.##......Y@.#####.###...#.#
##.###.##.####.##.#.........#....
..#.......# #...................
##.####.### ####.#.....#....##.#
##.# #.# ##.#..##.........# .#.#
#.# #.....##.#....##.#
##.####.########..#.###.#....#.#.
....................###.#.....###
######..###....................#.


You could see an ice beast.

Vanquished Creatures
  A phantom (D:6)
  3 ogres
  A centaur (D:5)
  A giant frog (D:3)
  3 scorpions
  A hound (D:6)
  An iguana (D:4)
  A centaur skeleton (D:5)
  A jelly (D:7)
  A giant frog skeleton (D:5)
  2 orc wizards
  Jessica (D:3)
  5 worker ants
  A killer bee zombie (D:6)
  6 adders
  4 gnolls (D:5)
  An ooze (D:1)
  2 worms
  11 orcs
  11 bats
  A bat skeleton (D:4)
  A bat zombie (D:5)
  4 giant cockroaches
  13 hobgoblins
  15 jackals
  18 kobolds
  4 quokkas
  A ball python (D:2)
  5 giant geckos
  6 giant newts
  17 goblins
  A jackal skeleton (D:4)
  A quokka zombie (D:6)
  20 rats
  A bush (D:1)
166 creatures vanquished.

Notes
Turn   | Place    | Note
--------------------------------------------------------------
     0 | D:1      | dunyain, the Demonspawn Gladiator, began the quest for the Orb.
     0 | D:1      | Reached XP level 1. HP: 16/16 MP: 1/1
    60 | D:1      | Reached skill level 3 in Axes
   249 | D:1      | Gained mutation: You are partially covered in rough black scales (AC +4, Dex -1). [demonic ancestry]
   249 | D:1      | Reached XP level 2. HP: 22/22 MP: 2/2
   716 | D:1      | Gained mutation: You are mostly covered in rough black scales (AC +7, Dex -2). [demonic ancestry]
   716 | D:1      | Reached XP level 3. HP: 27/27 MP: 3/3
   859 | D:1      | Reached skill level 4 in Axes
  1418 | D:2      | Gained mutation: You have large cloven feet. [demonic ancestry]
  1418 | D:2      | Reached XP level 4. HP: 33/33 MP: 4/4
  2093 | D:3      | Found an opulent altar of Gozag.
  2218 | D:3      | Noticed an ogre
  2405 | D:3      | Noticed a giant frog
  2418 | D:3      | Killed a giant frog
  2418 | D:3      | Reached skill level 5 in Axes
  2418 | D:3      | Gained mutation: You have hoof-like feet. [demonic ancestry]
  2418 | D:3      | Reached XP level 5. HP: 27/38 MP: 5/5
  2795 | D:4      | You fall through a shaft for 3 floors!
  2808 | D:7      | Got a sparkling glass ring
  2817 | D:7      | Identified the ring "Bisadd" {Ice Int+4} (You found it on level 7 of the Dungeon)
  2988 | D:6      | Reached skill level 6 in Axes
  2988 | D:6      | Gained mutation: You are immune to rotting. [demonic ancestry]
  2988 | D:6      | Reached XP level 6. HP: 41/44 MP: 6/6
  3082 | D:6      | Noticed an ogre
  3089 | D:6      | Killed an ogre
  3089 | D:6      | Reached skill level 7 in Axes
  3195 | D:6      | Reached XP level 7. HP: 39/50 MP: 7/7
  3409 | D:5      | Entered Level 5 of the Dungeon
  3471 | D:5      | Reached skill level 8 in Axes
  3519 | D:4      | Found a shattered altar of Ashenzari.
  3930 | D:4      | Found a staircase to the Ecumenical Temple.
  4012 | Temple   | Entered the Ecumenical Temple
  4127 | D:3      | Noticed Jessica
  4133 | D:3      | Killed Jessica
  4139 | D:3      | Killed an ogre
  4787 | D:5      | Found a sacrificial altar of Ru.
  4902 | D:5      | Reached skill level 9 in Axes
  4902 | D:5      | Reached XP level 8. HP: 50/56 MP: 8/8
  4977 | D:5      | HP: 2/56 [ogre/giant spiked club (25)]
  4984 | D:5      | HP: 2/56 [centaur (1)]
  5195 | D:5      | Noticed a moth of wrath
  5198 | D:5      | Found a bloodstained altar of Trog.
  5245 | D:5      | Found a glowing golden altar of the Shining One.
  5245 | D:5      | Found an ancient bone altar of Kikubaaqudgha.
  5247 | D:5      | Found a snail-covered altar of Cheibriados.
  5466 | D:6      | Noticed an ice beast
  5494 | D:5      | Slain by an ice beast

Action                   |  1- 3 |  4- 6 |  7- 9 || total
-------------------------+-------+-------+-------++-------
Melee: War axe           |   189 |   194 |   234 ||   617
  Use: Scroll            |       |    11 |       ||    11
       Potion            |       |       |     1 ||     1
 Stab: Distracted        |       |       |     1 ||     1
  Eat: Chunk             |     2 |     6 |     8 ||    16
